 Dungeon Sprint DCSS version 0.29.1-12-g30fa7ad0bf (webtiles) character file.

Game seed: 7618718782649922415

774 112233 the Spear-Bearer (level 7, -11/63 HPs)
             Began as a Merfolk Fighter on Dec 25, 2022.
             Was a Follower of the Shining One.
             Killed by vampiric draining
             ... invoked by a vampire
              (14 damage)
             ... in the Dungeon (Sprint IX: "|||||||||||||||||||||||||||||").
             The game lasted 00:01:38 (372 turns).

112233 the Spear-Bearer (Merfolk Fighter)            Turns: 372, Time: 00:01:39

Health: -11/63     AC: 13    Str: 18    XL:     7   Next: 84%
Magic:  7/7        EV: 10    Int: 13    God:    the Shining One [*.....]
Gold:   0          SH:  5    Dex: 14    Spells: 6/6 levels left

rFire   . . .      SeeInvis .   a - +0 trident
rCold   . . .      Faith    .   c - +0 buckler
rNeg    . . .      Spirit   .   o - +1 chain mail
rPois   .          Reflect  .   (no helmet)
rElec   .          Harm     .   n - +0 cloak
rCorr   .          Rampage  .   (no gloves)
Will    .....      NoTele   +   m - +0 pair of boots
Stlth   ..........              (no amulet)
HPRegen 0.20/turn               p - +3 ring of intelligence
MPRegen 0.10/turn               q - +3 ring of intelligence

@: glowing
A: (nimble swimmer 2), mertail
a: Renounce Religion, Divine Shield


You were in the Dungeon.
You worshipped the Shining One.
The Shining One was aware of your devotion.
You visited 1 branch

Inventory:

Hand Weapons
 a - a +0 trident (weapon)
 l - a +2 halberd of venom
Armour
 b - a +0 scale mail
 c - a +0 buckler (worn)
 m - a +0 pair of boots (worn)
 n - a +0 cloak (worn)
 o - a +1 chain mail (worn)
Jewellery
 p - a +3 ring of intelligence (left hand)
 q - a +3 ring of intelligence (right hand)
Wands
 k - a wand of quicksilver (1) (quivered)
Scrolls
 i - 2 scrolls of amnesia
 j - a scroll of blinking
Potions
 e - 5 potions of curing
 f - 3 potions of heal wounds
 g - a potion of haste
 h - 4 potions of magic


   Skills:
 + Level 8.9 Fighting
 * Level 13.8 Polearms
 + Level 6.1 Armour
 + Level 9.6 Dodging
 - Level 3.0 Shields


You had 6 spell levels left.
You didn't know any spells.
Your spell library was empty.

Dungeon Overview and Level Annotations

Branches:
Dungeon (1/1)

Altars:
Cheibriados
Dithmenos
Elyvilon
Fedhas
Gozag
Hepliaklqana
Kikubaaqudgha
Makhleb
Nemelex Xobeh
Okawaru
Qazlal
Ru
Sif Muna
Trog
Uskayaw
Vehumet
Wu Jian
Xom
Yredelemnul
Zin
The Shining One
Jiyva
Lugonu


Innate Abilities, Weirdness & Mutations

((You are very nimble when in or above water. (Stealth+, EV+, Speed+++)))
Your lower body shifts to a powerful aquatic tail in water.


Message History

The vampire hits you but does no damage.
The vampire bites you.
The vampire draws strength from your injuries!
Unknown command.
You hit the vampire but do no damage.
The vampire is moderately damaged.
You barely miss the vampire.
The vampire is moderately damaged.
The vampire hits you but does no damage.
The vampire bites you but does no damage.
Unknown command.
Aiming: Quicksilver Bolt
Press: ? - help, Shift-Dir - straight line, f - vampire
Aim: a vampire (moderately damaged, haloed, 81% to hit)
The bolt of dispelling energy hits the vampire!
The vampire is heavily damaged.
The bolt of dispelling energy hits the kobold brigand!
You kill the kobold brigand!
The vampire hits you. You block the vampire's attack.
Unknown command.
You are too injured to fight recklessly!
Unknown command.
Aiming: Quicksilver Bolt
Press: ? - help, Q - select action, (/) - cycle Shift-Dir - straight line, f/p - vampire
Aim: a vampire (heavily damaged, haloed, 81% to hit)
The bolt of dispelling energy hits the vampire!
The vampire is almost destroyed.
The vampire draws life force from you!!
* * * LOW HITPOINT WARNING * * *
The vampire is healed by the life force!
You fail to use your ability.
The vampire closely misses you. You block the vampire's attack.
Unknown command.
Aiming: Quicksilver Bolt
Press: ? - help, Shift-Dir - straight line, f/p - vampire
Aim: a vampire (heavily damaged, haloed, 81% to hit)
The bolt of dispelling energy hits the vampire!
The vampire is severely damaged.
The vampire draws life force from you!
You die... ▓▓▓▓▓▓▓▓▓▓▓▓▓▓▓▓▓▓ '....÷'...†)).)V@▓ ▓▓▓▓▓▓▓▓▓▓▓▓▓▓▓▓▓▓

You could see a vampire.

Vanquished Creatures
  A troll (D)
  A wyvern (D)
  A black bear (D)
  A centaur (D)
  2 kobold brigands (D)
  A scorpion (D)
  A hound (D)
  A shadow imp (D)
  A dart slug (D)
  2 bats (D)
  A hobgoblin (D)
  A frilled lizard (D)
  A rat (D)
15 creatures vanquished.

Notes
Turn   | Place    | Note
-------+----------+-------------------------------------------
     0 | D        | 112233 the Merfolk Fighter began the quest for the Orb.
     0 | D        | Reached XP level 1. HP: 18/18 MP: 1/1
     6 | D        | Reached skill level 3 in Polearms
     9 | D        | Reached skill level 1 in Dodging
    28 | D        | Noticed a hound
    28 | D        | Noticed a scorpion
    28 | D        | Noticed a black bear
    36 | D        | Reached skill level 4 in Polearms
    36 | D        | Reached XP level 2. HP: 16/25 MP: 2/2
    42 | D        | Killed a black bear
    43 | D        | Reached skill level 5 in Fighting
    43 | D        | Reached skill level 7 in Polearms
    43 | D        | Reached skill level 5 in Dodging
    43 | D        | Reached XP level 3. HP: 27/33 MP: 3/3
    43 | D        | Reached XP level 4. HP: 32/39 MP: 4/4
    51 | D        | Killed a scorpion
    52 | D        | Reached skill level 9 in Polearms
    52 | D        | Reached XP level 5. HP: 29/46 MP: 5/5
   235 | D        | Found a snail-covered altar of Cheibriados.
   235 | D        | Found a shadowy altar of Dithmenos.
   235 | D        | Found a white marble altar of Elyvilon.
   235 | D        | Found a blossoming altar of Fedhas.
   235 | D        | Found an opulent altar of Gozag.
   236 | D        | Found a hazy altar of Hepliaklqana.
   237 | D        | Found a viscous altar of Jiyva.
   238 | D        | Found an ancient bone altar of Kikubaaqudgha.
   239 | D        | Found a corrupted altar of Lugonu.
   240 | D        | Found a burning altar of Makhleb.
   241 | D        | Found a sparkling altar of Nemelex Xobeh.
   242 | D        | Found an iron altar of Okawaru.
   243 | D        | Found a stormy altar of Qazlal.
   244 | D        | Found a sacrificial altar of Ru.
   245 | D        | Found a shimmering blue altar of Sif Muna.
   246 | D        | Found a bloodstained altar of Trog.
   247 | D        | Found a hide-covered altar of Uskayaw.
   248 | D        | Found a radiant altar of Vehumet.
   249 | D        | Found an ornate altar of the Wu Jian Council.
   250 | D        | Found a shimmering altar of Xom.
   251 | D        | Found a basalt altar of Yredelemnul.
   252 | D        | Found a glowing silver altar of Zin.
   253 | D        | Found a glowing golden altar of the Shining One.
   261 | D        | Became a worshipper of the Shining One
   306 | D        | Noticed a centaur
   306 | D        | Noticed a kobold brigand
   306 | D        | Noticed a vampire
   306 | D        | Reached * piety under the Shining One
   306 | D        | Noticed a wyvern
   306 | D        | Noticed a kobold brigand
   306 | D        | Noticed a troll
   358 | D        | Killed a troll
   359 | D        | Reached skill level 11 in Polearms
   359 | D        | Reached skill level 5 in Armour
   359 | D        | Reached XP level 6. HP: 22/56 MP: 6/6
   359 | D        | Killed a wyvern
   360 | D        | Reached skill level 13 in Polearms
   360 | D        | Reached XP level 7. HP: 25/63 MP: 7/7
   370 | D        | HP: 2/63 [vampire/vampiric draining (20)]
   372 | D        | Killed from afar by a vampire

Illustrated notes

Levels and vault maps discovered:
D:        linesprint [early_d, line_temple, items_1, d_10, items_2, lair_1,
          lair_end, items_3, orc_1, orc_end, items_4, d_15, swamp_1, shoals_1,
          snake_1, spider_1, d_20, vaults_1, items_5, swamp_end, shoals_end,
          snake_end, spider_end, vaults_end, d_27, items_6, zot_1, zot_end,
          crypt_end, forest_end, elf_end, slime_end, tomb_end, abyss_end,
          pan_hell_end]

Skill      XL: |  1  2  3  4  5  6  7 |
---------------+----------------------+-----
Polearms       | 4 7 9 11 13 | 13.8
Dodging        | 2 5 8 9 |  9.6
Fighting       | 4 5 6 7 8 |  8.9
Armour         | 3 4 5 6 |  6.1
Shields        | |  3.0

Action                   |  1- 3 |  4- 6 |  7- 9 || total
-------------------------+-------+-------+-------++-------
Melee: Trident           |    30 |    22 |     3 ||    55
Evoke: Wand              |       |     4 |     5 ||     9
  Use: Potion            |     1 |     1 |       ||     2
       Scroll            |       |     1 |       ||     1
Armor: Scale mail        |     7 |     4 |       ||    11
       Chain mail        |       |     1 |     3 ||     4
Dodge: Dodged            |    11 |    12 |     2 ||    25
Block: Buckler           |    11 |     5 |     3 ||    19
